 Dungeon Crawl Stone Soup version 0.30-a0-377-g5cb311bc9f (webtiles) character file.

Game seed: 17030740123384317630

248 lunkers the Martial Artist (level 6, -6/48 HPs)
             Began as a Meteoran Gladiator on Nov 30, 2022.
             Killed from afar by Sigmund (8 damage)
             ... with a magic dart
             ... on level 3 of the Dungeon.
             The game lasted 00:04:42 (1247 turns).

lunkers the Martial Artist (Meteoran Gladiator)     Turns: 1247, Time: 00:04:42

Health: -6/48      AC:  5    Str: 22    XL:     6   Next: 61%
Magic:  0/7        EV: 17    Int:  9    God:
Gold:   135        SH:  0    Dex: 18    Spells: 5/5 levels left

rFire   . . .      SeeInvis .      - Unarmed
rCold   . . .      Faith    .    (no shield)
rNeg    . . .      Spirit   +    a - +0 leather armour
rPois   .          Reflect  .    b - +0 helmet
rElec   .          Harm     .    (no cloak)
rCorr   .          Rampage  .    (no gloves)
Will    .....                    j - +0 pair of boots
Stlth   +.........               r - amulet of guardian spirit
HPRegen 0.28/turn                k - +6 ring of strength
MPRegen 0.10/turn                t - +4 ring of evasion

@: mighty, lethally poisoned (-6 -> -16), glowing
A: sense surroundings 1, otherworldly, glowing, explore regen
a: no special abilities


You were on level 3 of the Dungeon.
You visited 1 branch of the dungeon, and saw 4 of its levels.

You collected 135 gold pieces.

Inventory:

Missiles
 c - 3 throwing nets
 d - a javelin
Armour
 a - a +0 leather armour (worn)
 b - a +0 helmet (worn)
 h - a +0 plate armour
 j - a +0 pair of boots (worn)
 x - a +0 pair of boots
Jewellery
 k - a +6 ring of strength (left hand)
 n - an amulet of the acrobat
 r - an amulet of guardian spirit (around neck)
 t - a +4 ring of evasion (right hand)
Scrolls
 e - 2 scrolls of identify {unknown}
 l - 2 scrolls of silence {unknown}
 m - a scroll of vulnerability {unknown}
 p - 3 scrolls of fear {unknown}
 q - a scroll of poison {unknown}
Potions
 i - a potion of heal wounds {unknown}
 o - a potion of degeneration {unknown}
 s - a potion of mutation {unknown}
 u - a potion of flight {unknown}
 v - a potion of resistance {unknown}
 w - a potion of ambrosia {unknown}
 z - a potion of brilliance {unknown}


   Skills:
 - Level 2.1 Fighting
 - Level 2.4 Throwing
 - Level 3.6 Dodging
 + Level 8.0 Unarmed Combat


You had 5 spell levels left.
You didn't know any spells.
Your spell library contained the following spells:

 Spells                   Type           Power      Damage    Failure   Level
 Call Canine Familiar     Summ           0%         N/A       80%         3
 Portal Projectile        Hex/Tloc       0%         N/A       80%         3
 Leda's Liquefaction      Hex/Erth       0%         N/A       99%         4


Dungeon Overview and Level Annotations

Branches:
Dungeon (4/15) Zot: 1169
 Temple: D:4-7

Altars:

Shops:
D:1 (   D:3 !*

Annotations:
D:3 Sigmund
D:4 Edmund


Innate Abilities, Weirdness & Mutations

You passively map a small area around you.
You are easily found by Zot.
You glow in the dark.
You regain HP and MP as you explore.


Message History

You hear some strange, mumbled words.
A puff of flame appears from out of thin air!
The puff of flame hits you.
* * * LOW HITPOINT WARNING * * *
It was a potion of curing.
You feel better.
You hear some strange, mumbled words.
A magic dart appears from out of thin air!
The magic dart hits you but does no damage.
You closely miss something. Something barely misses you.
You closely miss something. You miss something. Something hits you.
* * * LOW HITPOINT WARNING * * *
You are poisoned.
You barely miss something.
You feel very sick.
You hear some strange, mumbled words.
A puff of flame appears from out of thin air!
The puff of flame misses you.
It was a potion of might.
You feel very mighty all of a sudden.
You feel sick. Something hits you!
* * * LOW MAGIC WARNING * * *
* * * LOW HITPOINT WARNING * * *
You closely miss something.
* * * LOW HITPOINT WARNING * * *
You feel sick.
You feel better. Something completely misses you.
Unknown command.
You miss something. You miss something. Something hits you!
* * * LOW MAGIC WARNING * * *
* * * LOW HITPOINT WARNING * * *
You are lethally poisoned!
You miss something.
* * * LOW HITPOINT WARNING * * *
You feel very sick.
You hear some strange, mumbled words.
A magic dart appears from out of thin air!
The magic dart hits you!
You die...

#.......#.......
####....#...####
##########.....##.#
#.......##.[...##.#
#.......##.....##.#
#.......##....<##.####
#.......##....###.....
#...?{..####.## #.####
#....@..####.# #..<..
#..!.........# #..###
#####........####..#
###..............###
#..........###.....#
#.....###### #.....#
#.....# #...).# ###
#.(...# #.....# ..#
#.....# ###.....#


There were no monsters in sight!

Vanquished Creatures
  Duvessa (D:4)
  A hound (D:4)
  Terence (D:3)
  An iguana (D:3)
  3 adders
  2 worms
  2 orcs
  4 ball pythons
  3 endoplasms
  3 giant cockroaches
  2 goblins
  7 hobgoblins
  4 jackals (D:4)
  3 bats
  3 frilled lizards
  2 kobolds
  A rat (D:3)
43 creatures vanquished.

Notes
Turn   | Place    | Note
-------+----------+-------------------------------------------
     0 | D:1      | lunkers the Meteoran Gladiator began the quest for the Orb.
     0 | D:1      | Reached XP level 1. HP: 17/17 MP: 2/2
   114 | D:1      | Reached skill level 4 in Unarmed Combat
   186 | D:1      | Found Kiewiowu's Weapon Shop.
   216 | D:2      | Reached XP level 2. HP: 23/24 MP: 3/3
   286 | D:2      | Reached XP level 3. HP: 28/29 MP: 4/4
   429 | D:2      | Reached skill level 5 in Unarmed Combat
   508 | D:2      | You fall into a shaft and drop 1 floor!
   595 | D:3      | Noticed Sigmund
   709 | D:2      | Reached XP level 4. HP: 29/36 MP: 5/5
   848 | D:3      | Found Featoyrghiy's Distillery.
   857 | D:3      | Reached skill level 6 in Unarmed Combat
  1030 | D:4      | Noticed Duvessa
  1054 | D:4      | Killed Duvessa
  1055 | D:4      | Reached skill level 7 in Unarmed Combat
  1055 | D:4      | Reached XP level 5. HP: 20/41 MP: 1/6
  1055 | D:4      | Reached XP level 6. HP: 23/48 MP: 1/7
  1064 | D:4      | Noticed Edmund
  1098 | D:3      | Found Duakyurph's General Store.
  1138 | D:3      | Noticed Terence
  1159 | D:3      | Killed Terence
  1229 | D:3      | Reached skill level 8 in Unarmed Combat
  1247 | D:3      | HP: 2/48 [poisoned by Sigmund]
  1247 | D:3      | Killed from afar by Sigmund

Illustrated notes

Levels and vault maps discovered:
D:1:      saegor_arrival_miasma, layout_rooms, serial_shops,
          nicolae_shop_bloodbath_and_beyond, hangedman_decor_lopped,
          chequers_serial_rivers_room_b
D:2:      layout_loops_ring
D:3:      layout_basic, serial_shops, nicolae_lakefront_shop, shop,
          interstate_on_off, uniq_terence, uniq_sigmund
D:4:      layout_loops_ring, nzn_hepliaklqana_mist_gate, uniq_edmund, uniq_ijyb,
          uniq_crazy_yiuf_cottage, uniq_duvessa

Skill      XL: |  1  2  3  4  5  6 |
---------------+-------------------+-----
Unarmed Combat | 4 5 7 8 |  8.0
Fighting       | |  2.1
Throwing       | |  2.4
Dodging        | |  3.6

Action                   |  1- 3 |  4- 6 || total
-------------------------+-------+-------++-------
Melee: Unarmed           |    61 |    97 ||   158
       Punch             |     3 |     7 ||    10
  Use: Potion            |       |     3 ||     3
Armor: Leather armour    |    18 |    23 ||    41
Dodge: Dodged            |    37 |    51 ||    88

Table legend: (Time is in decaauts)
 A = Elapsed time spent in this place.
 B = Non-inter-level travel time spent in this place.
 C = Inter-level travel time spent in this place.
 D = Time resting spent in this place.
 E = Time spent auto-exploring this place.
 F = Levels seen in this place.
 G = Mean time per level.
                   A        B        C        D        E       F      G
               +--------+--------+--------+--------+--------+-----+--------+
         Total |   1229 |   1194 |     35 |      0 |    712 |   4 |  307.2 |
       Dungeon |   1229 |   1194 |     35 |      0 |    712 |   4 |  307.2 |
               +--------+--------+--------+--------+--------+-----+--------+

Top non-repeatable levels by time:
     D:3: 499 daAuts
     D:2: 400 daAuts
     D:1: 209 daAuts
     D:4: 120 daAuts
